 Dungeon Crawl Stone Soup version 0.30-a0-469-g84de5afbc5 (webtiles) character file.

Game seed: 5663031769983236119

1876 cforsyth the Basher (level 8, -1/79 HPs)
             Began as an Armataur Gladiator on Dec 19, 2022.
             Slain by Menkaure (17 damage)
             ... on level 5 of the Dungeon.
             The game lasted 00:07:31 (5134 turns).

cforsyth the Basher (Armataur Gladiator)            Turns: 5134, Time: 00:07:31

Health: -1/79      AC:  7    Str: 20    XL:     8   Next: 91%
Magic:  8/8        EV:  9    Int: 10    God:
Gold:   257        SH:  0    Dex: 12    Spells: 7/7 levels left

rFire   . . .      SeeInvis .    a - +1 flail
rCold   . . .      Faith    .    (no shield)
rNeg    . . .      Spirit   .    i - +0 ring mail
rPois   .          Reflect  .    c - +0 helmet
rElec   .          Harm     .    (no cloak)
rCorr   .          Roll     +    j - +0 pair of gloves
Will    .....                    (no barding)
Stlth   +.........               (no amulet)
HPRegen 0.33/turn                (no ring)
MPRegen 0.11/turn                (no ring)

@: no status effects
A: large, rugged brown scales 3, deformed body, armoured tail, roll, long
tongue, awkward tongue
a: no special abilities


You were on level 5 of the Dungeon.
You visited 1 branch of the dungeon, and saw 5 of its levels.
You also visited: Ossuary.

You collected 283 gold pieces.
You spent 26 gold pieces at shops.

Inventory:

Hand Weapons
 a - a +1 flail (weapon)
Missiles
 d - 3 throwing nets (quivered)
 e - a javelin
 o - 6 silver javelins
Armour
 b - a +0 leather armour
 c - a +0 helmet (worn)
 i - a +0 ring mail (worn)
 j - a +0 pair of gloves (worn)
Jewellery
 p - an amulet of magic regeneration
Scrolls
 f - 3 scrolls of enchant weapon
 h - a scroll of acquirement {unknown}
 n - 5 scrolls of teleportation
 q - 2 scrolls of poison {unknown}
 r - 3 scrolls of fear {unknown}
 s - a scroll of immolation {unknown}
 y - a scroll of identify
Potions
 g - 2 potions of mutation
 k - 2 potions of haste {unknown}
 l - 4 potions of heal wounds {unknown}
 m - 2 potions of resistance {unknown}
 t - 9 potions of curing
 u - 3 potions of might {unknown}
 v - 2 potions of berserk rage {unknown}
 w - a potion of degeneration {unknown}
 x - a potion of flight {unknown}
 z - a potion of brilliance {unknown}
 A - a potion of attraction {unknown}
 B - a potion of cancellation {unknown}


   Skills:
 + Level 7.7 Fighting
 + Level 8.0 Maces & Flails
 - Level 1.7 Throwing
 - Level 2.1 Dodging


You had 7 spell levels left.
You didn't know any spells.
Your spell library contained the following spells:

 Spells                   Type           Power      Damage    Failure   Level
 Beastly Appendage        Tmut           0%         N/A       54%         1
 Kiss of Death            Conj/Necr      0%         2d5       54%         1
 Wereblood                Tmut           0%         N/A       69%         2
 Confusing Touch          Hex            0%         N/A       89%         3
 Spider Form              Tmut/Pois      0%         N/A       89%         3
 Dispel Undead            Necr           0%         3d6       100%        4


Dungeon Overview and Level Annotations

Branches:
Dungeon (5/15)             Temple (0/1) D:5         Ossuary (visited)

Altars:
Kikubaaqudgha

Shops:
D:1 ?   D:2 [

Annotations:
D:5 Menkaure


Innate Abilities, Weirdness & Mutations

You are completely covered in rugged brown scales. (AC +3, +7% HP)
Armour fits poorly on your strangely shaped body.
You have a long armoured tail.
You roll when moving toward enemies. (Rampage)
Your long tongue fully drains potion bottles. (2x potion effects)
Your tongue gives you trouble enunciating. (1.5x scroll delay)


Message History

You are too injured to fight recklessly!
You are too injured to fight recklessly!
You are too injured to fight recklessly!
You are too injured to fight recklessly!
You hit the iguana.
You kill the iguana!
Found a quarterstaff.
You see here an iguana corpse.
Menkaure, Prince of Dust comes into view.
Menkaure is nearby!
Menkaure is nearby!
Menkaure is nearby!
You are too injured to fight recklessly!
Found a stone staircase leading down.
You see here 9 gold pieces.
You hit Menkaure but do no damage.
Your tail-slap misses Menkaure.
Menkaure calls on the powers of darkness!
Your body is wracked with pain!
You hit Menkaure.
Menkaure is lightly damaged.
Menkaure mumbles some strange words.
Menkaure seems to speed up.
You sock Menkaure!
Menkaure is heavily damaged.
Menkaure hits you.
You hit Menkaure but do no damage.
Menkaure is heavily damaged.
Menkaure wails, "Why can't you leave me to my rest?"
Menkaure misses you.
You sock Menkaure! You tail-slap Menkaure.
Menkaure is almost destroyed.
Menkaure calls on the powers of darkness!
Your body is wracked with pain!
* * * LOW HITPOINT WARNING * * *
You hit Menkaure.
Your tail-slap misses Menkaure.
Menkaure is almost destroyed.
Menkaure hits you.
* * * LOW HITPOINT WARNING * * *
Menkaure hits you!
You die...

# ..) ## .... #.
.....#M#######.. #####
.......@........ .....
.⌠.....#$....).# ######
........†##########.....
..._..............#.....
......###########.#.....
...#.. #.#..... .#.#>.
#....... #.#..# ###.....
.... #.#..# #####
#......


You could see Menkaure (fast).

Vanquished Creatures
  Pikel (D:4)
  A black bear (D:5)
  A lemure (D:5)
  12 scorpions
  3 centaur zombies (Ossuary)
  2 human zombies (Ossuary)
  A jelly (D:5)
  3 hounds
  An iguana (D:5)
  3 scorpion zombies (Ossuary)
  3 mummies (Ossuary)
  12 adders
  6 worms
  3 orcs (D:3)
  6 bats
  8 endoplasms
  4 giant cockroaches
  7 goblins
  9 hobgoblins
  4 jackals (D:4)
  5 kobolds
  2 quokkas
  8 ball pythons
  2 gnoll zombies (Ossuary)
  4 goblin zombies (Ossuary)
  3 hobgoblin zombies (Ossuary)
  A kobold zombie (Ossuary)
  An orc zombie (Ossuary)
  5 rats
121 creatures vanquished.

Notes
Turn   | Place    | Note
-------+----------+-------------------------------------------
     0 | D:1      | cforsyth the Armataur Gladiator began the quest for the
                  | Orb.
     0 | D:1      | Reached XP level 1. HP: 18/18 MP: 1/1
   163 | D:1      | Reached skill level 3 in Maces & Flails
   215 | D:1      | Found Qopneq's Magic Scroll Shop.
   223 | D:1      | Reached XP level 2. HP: 25/25 MP: 2/2
   225 | D:1      | Bought a scroll of identify for 26 gold pieces
   911 | D:2      | Found a faded altar of an unknown god.
  1039 | D:2      | Reached XP level 3. HP: 19/32 MP: 3/3
  1189 | D:2      | Found Gagiev Waad's Antique Armour Shop.
  1404 | D:2      | Reached XP level 4. HP: 37/40 MP: 4/4
  2244 | D:3      | Reached skill level 4 in Maces & Flails
  2539 | D:4      | Reached XP level 5. HP: 48/48 MP: 5/5
  2886 | D:4      | Found a sand-covered staircase.
  2890 | Ossuary  | Entered an ossuary
  2903 | Ossuary  | Reached XP level 6. HP: 52/55 MP: 6/6
  3005 | Ossuary  | Reached skill level 5 in Maces & Flails
  3172 | Ossuary  | Reached skill level 5 in Fighting
  3180 | Ossuary  | Reached XP level 7. HP: 43/65 MP: 7/7
  3337 | Ossuary  | Reached skill level 6 in Maces & Flails
  3605 | Ossuary  | Reached XP level 8. HP: 15/74 MP: 8/8
  4157 | D:5      | Entered Level 5 of the Dungeon
  4191 | D:5      | Noticed Pikel
  4214 | D:4      | Killed Pikel
  4215 | D:4      | Reached skill level 7 in Maces & Flails
  4911 | D:5      | Found a staircase to the Ecumenical Temple.
  5082 | D:5      | Reached skill level 8 in Maces & Flails
  5113 | D:5      | Found an ancient bone altar of Kikubaaqudgha.
  5126 | D:5      | Noticed Menkaure
  5134 | D:5      | Slain by Menkaure

Illustrated notes

Levels and vault maps discovered:
D:1:      erik_arrival_cave_to_civilisation [erik_arrival_cave_to_hall],
          layout_basic, serial_shops, shop
D:2:      layout_loops_ring, shapermc_ecumenical_altar_venn, serial_shops,
          shop_fountains, kennysheep_cluttered_room
D:3:      layout_basic, grunt_ministairs_9
D:4:      layout_loops_ring, enter_ossuary_5
D:5:      layout_basic, grunt_temple_overflow_open,
          minmay_temple_entry_purple_smoke, uniq_pikel, uniq_menkaure

Skill      XL: |  1  2  3  4  5  6  7  8 |
---------------+-------------------------+-----
Fighting       | 2 3 4 5 6 7 |  7.7
Maces & Flails | 3 4 5 6 8 |  8.0
Throwing       | |  1.7
Dodging        | |  2.1

Action                   |  1- 3 |  4- 6 |  7- 9 || total
-------------------------+-------+-------+-------++-------
Melee: Flail             |    85 |   200 |   172 ||   457
       Tailslap          |     7 |    22 |    29 ||    58
       Punch             |       |     3 |     6 ||     9
  Use: Scroll            |     1 |     2 |     1 ||     4
Armor: Leather armour    |     8 |       |       ||     8
       Ring mail         |    30 |   144 |    73 ||   247
Dodge: Dodged            |    52 |   143 |    90 ||   285

Table legend: (Time is in decaauts)
 A = Elapsed time spent in this place.
 B = Non-inter-level travel time spent in this place.
 C = Inter-level travel time spent in this place.
 D = Time resting spent in this place.
 E = Time spent auto-exploring this place.
 F = Levels seen in this place.
 G = Mean time per level.
                   A        B        C        D        E       F      G
               +--------+--------+--------+--------+--------+-----+--------+
         Total |   5205 |   5039 |    166 |    374 |   3443 |   6 |  867.5 |
       Dungeon |   4237 |   4071 |    166 |    374 |   2734 |   5 |  847.4 |
       Ossuary |    968 |    968 |      0 |      0 |    709 |   1 |  968.0 |
               +--------+--------+--------+--------+--------+-----+--------+

Top non-repeatable levels by time:
     D:4: 1095 daAuts
 Ossuary: 968 daAuts
     D:2: 957 daAuts
     D:1: 887 daAuts
     D:3: 704 daAuts
     D:5: 592 daAuts
